Whalers vs Red Wings
Created - 25 mars 2013 at 19:16
Goals
|
| Whalers |
1 |
0 |
1 |
2 |
| Red Wings |
0 |
2 |
1 |
3 |
|
Shots
|
| Whalers |
12 |
14 |
7 |
33 |
| Red Wings |
8 |
7 |
12 |
27 |
|
1st period
1. Whalers , Nils Ekman 6 (Stephane Robidas, Chris Kelly) at 10:44
Penalties :
Sean Bergenheim (Det) for Roughing (Minor) at 7:46, Chris Kelly (Har) for Holding (Minor) at 7:46, Jan Bulis (Det) for Unsportsmanlike conduct (Major / Game Misconduct) at 14:37, Todd Bertuzzi (Har) for High sticking (Minor) at 14:37
2nd period
2. Red Wings , Simon Gagné 21 (Jarome Iginla, Jason Spezza) at 1:54
3. Red Wings , Alexei Morozov 25 (Sean Bergenheim, Maxim Kondratiev) at 9:20 (PP)
Penalties :
Chris Kelly (Har) for Slashing (Minor) at 7:38, Christian Backman (Det) for Slashing (Minor) at 10:34, Sami Kapanen (Har) for Hooking (Minor) at 19:06
3rd period
4. Red Wings , Alexei Morozov 26 (Sean Bergenheim, Brian Sutherby) at 5:18 (PP)
5. Whalers , Richard Jackman 3 (Todd Bertuzzi, Andy McDonald) at 10:08
Penalties :
Paul Gaustad (Har) for Hooking (Minor) at 1:54, Richard Jackman (Har) for Roughing (Minor) at 4:32, Nils Ekman (Har) for Interference (Minor) at 18:34
Goalie Stats
Jonas Hiller (Har), 24 saves from 27 shots - (0,889), L, 12-22-4, 60:00 minutes
Mike Smith (Det), 31 saves from 33 shots - (0,939), W, 4-8-0, 60:00 minutes
Players Stats for Whalers
Player Name G A P +/- PIM S H SB GA TA FO MP PP MP PK MP
------------------------------------------------------------------------------------
Andy McDonald 0 1 1 0 0 2 1 0 1 0 0/2 20:34 2:19 2:44
Chris Kelly 0 1 1 1 4 5 1 0 0 0 4/11 14:11 1:00 0:43
Dan Girardi 0 0 0 0 0 1 4 0 0 1 0/0 21:35 2:02 2:43
Jaroslav Spacek 0 0 0 0 0 1 0 0 0 0 0/0 11:53 0:35 0:00
Mark Eaton 0 0 0 0 0 3 1 2 0 0 0/0 21:35 2:02 2:43
Michael Rupp 0 0 0 0 0 1 1 0 2 0 2/7 14:11 2:13 1:29
Niklas Hagman 0 0 0 0 0 0 2 0 0 0 0/0 10:13 0:12 0:20
Nils Ekman 1 0 1 1 2 4 0 0 0 0 0/1 19:25 1:47 4:08
Paul Gaustad 0 0 0 0 2 2 1 1 0 0 6/18 16:34 2:03 0:00
Ray Whitney 0 0 0 1 0 1 1 1 0 0 0/0 13:32 2:08 0:00
Richard Jackman 1 0 1 0 2 1 1 0 0 0 0/0 11:52 0:35 0:00
Richard Park 0 0 0 0 0 1 0 0 1 0 0/0 7:54 0:12 0:00
Sami Kapanen 0 0 0 0 2 2 5 0 0 0 0/0 11:42 0:00 1:27
Stephane Robidas 0 1 1 1 0 2 1 2 3 1 0/0 26:32 2:22 5:08
Todd Bertuzzi 0 1 1 0 2 3 1 0 0 1 3/8 22:48 2:29 4:51
Vernon Fiddler 0 0 0 0 0 1 0 0 1 0 3/3 9:22 0:34 0:00
Ville Nieminen 0 0 0 0 0 2 0 0 0 0 0/0 7:39 0:00 0:00
Vitaly Vishnevsky 0 0 0 1 0 1 3 3 0 0 0/0 26:32 2:22 5:08
Players Stats for Red Wings
Player Name G A P +/- PIM S H SB GA TA FO MP PP MP PK MP
------------------------------------------------------------------------------------
Alexei Morozov 2 0 2 -1 0 4 0 0 1 0 1/1 17:57 3:45 0:00
Brian Sutherby 0 1 1 0 0 1 1 0 0 1 5/8 12:35 3:35 1:59
Christian Backman 0 0 0 0 2 1 0 1 0 0 0/0 12:42 0:25 0:39
Christian Laflamme 0 0 0 0 0 0 1 0 0 2 0/0 13:57 0:00 2:03
Donald Brashear 0 0 0 -1 0 1 0 1 0 0 2/5 16:47 0:12 1:22
Jan Bulis 0 0 0 -1 15 0 0 0 0 0 3/6 4:38 0:00 0:00
Jarome Iginla 0 1 1 1 0 5 1 0 0 0 0/0 21:51 3:54 2:03
Jason Spezza 0 1 1 1 0 3 2 1 0 0 15/21 21:45 4:04 1:59
Kim Johnsson 0 0 0 -1 0 1 1 2 0 0 0/0 23:10 4:59 2:17
Lubos Bartecko 0 0 0 -1 0 1 1 0 0 1 0/0 11:09 0:12 0:00
Mathieu Dandenault 0 0 0 0 0 0 0 0 0 0 0/0 4:08 0:00 0:00
Maxim Kondratiev 0 1 1 -1 0 1 1 1 0 1 0/0 21:28 2:52 2:05
Mike Richards 0 0 0 -1 0 1 2 0 0 0 1/1 12:00 0:12 1:01
Paul Martin 0 0 0 0 0 3 1 1 1 1 0/0 25:21 4:34 0:39
Peter Schaefer 0 0 0 0 0 1 1 0 0 0 4/7 12:32 0:00 0:11
Sean Bergenheim 0 2 2 -1 2 3 1 0 0 0 0/0 14:16 3:45 0:00
Shea Weber 0 0 0 0 0 0 0 2 1 1 0/0 24:37 2:52 2:15
Simon Gagné 1 0 1 1 0 1 3 0 0 1 1/1 20:07 3:54 1:23
3 Stars
1 - Alexei Morozov (Det)
2 - Simon Gagné (Det)
3 - Mike Smith (Det)
Power Play
Whalers - 0 on 1 Attempt(s) - 0,00%
Red Wings - 2 on 5 Attempt(s) - 40,00%
Penalty Kill
Whalers - 3 on 5 Attempt(s) - 60,00%
- Score 0 goal in Penalty Kill
Red Wings - 1 on 1 Attempt(s) - 100,00%
- Score 0 goal in Penalty Kill
Official
Referees : Walkom Stephen and Pochmara Brian
Linesman : Thor Nelson and Steve Miller
Game Notes
Jan Bulis ejected from game at 14:37 of 1st period
Finance
Level 1 -- Attendance: 3855 (64,25%) -- Ticket Income 366 225 $
Level 2 -- Attendance: 3403 (68,06%) -- Ticket Income 187 165 $
Level 3 -- Attendance: 1868 (93,40%) -- Ticket Income 59 776 $
Level 4 -- Attendance: 3486 (87,15%) -- Ticket Income 69 720 $
Luxury Box -- Attendance: 903 (90,30%) -- Ticket Income 158 025 $
Game was played at the Joe Louis Arena
Total Attendance: 13515 (75,08%)
Total Ticket Income: 840 911 $
Total Income: 840 911 $
Whalers
5 vs 5 Forward
Center Left Wing Right Wing Time % Phy DF OF
1 Paul Gaustad Andy McDonald Todd Bertuzzi 40 1 2 2
2 Chris Kelly Ray Whitney Nils Ekman 30 1 2 2
3 Michael Rupp Niklas Hagman Sami Kapanen 20 1 2 2
4 Vernon Fiddler Ville Nieminen Richard Park 10 1 2 2
5 vs 5 Defense
Defense Defense Time % Phy DF OF
1 Stephane Robidas Vitaly Vishnevsky 40 1 2 2
2 Mark Eaton Dan Girardi 30 1 2 2
3 Jaroslav Spacek Richard Jackman 20 1 2 2
4 Stephane Robidas Vitaly Vishnevsky 10 1 2 2
PowerPlay Forward
Center Left Wing Right Wing Time % Phy DF OF
1 Michael Rupp Andy McDonald Todd Bertuzzi 60 1 2 2
2 Paul Gaustad Ray Whitney Nils Ekman 40 1 2 2
PowerPlay Defense
Defense Defense Time % Phy DF OF
1 Stephane Robidas Vitaly Vishnevsky 60 1 2 2
2 Mark Eaton Dan Girardi 40 1 2 2
Penalty Kill 4 Players Forward
Center Wing Time % Phy DF OF
1 Todd Bertuzzi Nils Ekman 60 1 2 2
2 Andy McDonald Michael Rupp 40 1 2 2
Penalty Kill 4 Players Defense
Defense Defense Time % Phy DF OF
1 Stephane Robidas Vitaly Vishnevsky 60 1 2 2
2 Mark Eaton Dan Girardi 40 1 2 2
Penalty Kill - 3 Players Forward
Forward Time % Phy DF OF
1 Todd Bertuzzi 60 1 2 2
2 Nils Ekman 40 1 2 2
Penalty Kill - 3 Players Defense
Defense Defense Time % Phy DF OF
1 Stephane Robidas Vitaly Vishnevsky 60 1 2 2
2 Mark Eaton Dan Girardi 40 1 2 2
4 vs 4 Forward
Center Wing Time % Phy DF OF
1 Todd Bertuzzi Nils Ekman 60 1 2 2
2 Andy McDonald Michael Rupp 40 1 2 2
4 vs 4 Defense
Defense Defense Time % Phy DF OF
1 Stephane Robidas Vitaly Vishnevsky 60 1 2 2
2 Mark Eaton Dan Girardi 40 1 2 2
Last Minutes Offensive
Center Left Wing Right Wing Defense Defense
Michael Rupp Andy McDonald Todd Bertuzzi Stephane Robidas Vitaly Vishnevsky
Last Minutes Defensive
Center Left Wing Right Wing Defense Defense
Michael Rupp Andy McDonald Todd Bertuzzi Stephane Robidas Vitaly Vishnevsky
Goaltenders
Starting : Jonas Hiller
Backup : Dan Cloutier
Extra Forwards
Normal : Chris Kelly, Vernon Fiddler, Sami Kapanen - PP : Chris Kelly, Vernon Fiddler - PK : Sami Kapanen
Extra Defensemen
Normal : Jaroslav Spacek, Richard Jackman, Mark Eaton - PP : Jaroslav Spacek - PK : Richard Jackman, Mark Eaton
Penalty Shots
Todd Bertuzzi, Nils Ekman, Andy McDonald, Michael Rupp, Paul Gaustad
Red Wings
5 vs 5 Forward
Center Left Wing Right Wing Time % Phy DF OF
1 Jason Spezza Simon Gagné Jarome Iginla 40 0 1 4
2 Jan Bulis Donald Brashear Alexei Morozov 35 1 2 2
3 Mike Richards Sean Bergenheim Lubos Bartecko 20 0 2 3
4 Brian Sutherby Peter Schaefer Mathieu Dandenault 5 1 2 2
5 vs 5 Defense
Defense Defense Time % Phy DF OF
1 Shea Weber Paul Martin 40 0 2 3
2 Kim Johnsson Maxim Kondratiev 35 0 2 3
3 Christian Backman Christian Laflamme 15 0 3 2
4 Shea Weber Paul Martin 10 0 2 3
PowerPlay Forward
Center Left Wing Right Wing Time % Phy DF OF
1 Jason Spezza Simon Gagné Jarome Iginla 50 0 1 4
2 Jan Bulis Sean Bergenheim Alexei Morozov 50 0 1 4
PowerPlay Defense
Defense Defense Time % Phy DF OF
1 Kim Johnsson Paul Martin 60 0 2 3
2 Shea Weber Maxim Kondratiev 40 0 2 3
Penalty Kill 4 Players Forward
Center Wing Time % Phy DF OF
1 Jason Spezza Jarome Iginla 60 0 3 2
2 Jan Bulis Simon Gagné 40 0 3 2
Penalty Kill 4 Players Defense
Defense Defense Time % Phy DF OF
1 Kim Johnsson Shea Weber 60 0 3 2
2 Christian Laflamme Maxim Kondratiev 40 0 3 2
Penalty Kill - 3 Players Forward
Forward Time % Phy DF OF
1 Jason Spezza 60 1 3 1
2 Jan Bulis 40 1 3 1
Penalty Kill - 3 Players Defense
Defense Defense Time % Phy DF OF
1 Kim Johnsson Shea Weber 60 1 3 1
2 Christian Laflamme Maxim Kondratiev 40 1 3 1
4 vs 4 Forward
Center Wing Time % Phy DF OF
1 Jason Spezza Jarome Iginla 50 0 2 3
2 Jan Bulis Simon Gagné 50 0 2 3
4 vs 4 Defense
Defense Defense Time % Phy DF OF
1 Shea Weber Paul Martin 60 0 2 3
2 Kim Johnsson Maxim Kondratiev 40 0 2 3
Last Minutes Offensive
Center Left Wing Right Wing Defense Defense
Jason Spezza Simon Gagné Jarome Iginla Kim Johnsson Shea Weber
Last Minutes Defensive
Center Left Wing Right Wing Defense Defense
Jason Spezza Simon Gagné Jarome Iginla Kim Johnsson Shea Weber
Goaltenders
Starting : Mike Smith
Backup : Jonathan Quick
Extra Forwards
Normal : Jan Bulis, Donald Brashear, Peter Schaefer - PP : Jan Bulis, Brian Sutherby - PK : Brian Sutherby
Extra Defensemen
Normal : Kim Johnsson, Christian Laflamme, Christian Backman - PP : Christian Laflamme - PK : Christian Backman, Paul Martin
Penalty Shots
Simon Gagné, Alexei Morozov, Jarome Iginla, Mike Richards, Peter Schaefer
% Time on Ice - Whalers
Lines # - Real PCT - Wanted PCT - Time Play
Normal Forward
1 - 34% - 40% - 14:31
2 - 26% - 30% - 11:24
3 - 22% - 20% - 9:38
4 - 18% - 10% - 7:39
Normal Defense
1 - 38% - 40% - 16:21
2 - 35% - 30% - 15:08
3 - 26% - 20% - 11:18
4 - 1% - 10% - 0:25
PP Forward
1 - 57% - 60% - 2:51
2 - 43% - 40% - 2:08
PP Defense
1 - 59% - 60% - 2:57
2 - 41% - 40% - 2:02
PK Forward
1 - 85% - 60% - 6:42
2 - 15% - 40% - 1:09
PK Defense
1 - 65% - 60% - 5:08
2 - 35% - 40% - 2:43
PK3 Forward
1 - 0% - 60%
2 - 0% - 40%
PK3 Defense
1 - 0% - 60%
2 - 0% - 40%
44 Forward
1 - 74% - 60% - 2:55
2 - 26% - 40% - 1:03
44 Defense
1 - 57% - 60% - 2:16
2 - 43% - 40% - 1:42
Last Minute Offensive - 0:00
Last Minute Defensive - 0:00
Total
Forward - 60:00
Defense - 60:00
|
% Time on Ice - Red Wings
Lines # - Real PCT - Wanted PCT - Time Play
Normal Forward
1 - 32% - 40% - 14:00
2 - 35% - 35% - 15:00
3 - 24% - 20% - 10:16
4 - 9% - 5% - 3:56
Normal Defense
1 - 39% - 40% - 16:41
2 - 35% - 35% - 15:08
3 - 24% - 15% - 10:23
4 - 2% - 10% - 1:00
PP Forward
1 - 50% - 50% - 3:54
2 - 50% - 50% - 3:57
PP Defense
1 - 63% - 60% - 4:59
2 - 37% - 40% - 2:52
PK Forward
1 - 72% - 60% - 3:36
2 - 28% - 40% - 1:23
PK Defense
1 - 58% - 60% - 2:54
2 - 42% - 40% - 2:05
PK3 Forward
1 - 0% - 60%
2 - 0% - 40%
PK3 Defense
1 - 0% - 60%
2 - 0% - 40%
44 Forward
1 - 49% - 50% - 1:56
2 - 51% - 50% - 2:02
44 Defense
1 - 65% - 60% - 2:35
2 - 35% - 40% - 1:23
Last Minute Offensive - 0:00
Last Minute Defensive - 0:00
Total
Forward - 60:00
Defense - 60:00
|
Play by Play
1st period
0:01 of 1st period - Simon Gagné wins face-off versus Andy McDonald in neutral zone.
0:15 of 1st period - Shea Weber is hit by Vitaly Vishnevsky and loses puck.
0:28 of 1st period - Snap shot by Michael Rupp.
0:28 of 1st period - Stopped by Mike Smith without a rebound.
0:29 of 1st period - Jan Bulis wins face-off versus Michael Rupp in Red Wings zone.
2:01 of 1st period - Slapshot by Nils Ekman.
2:01 of 1st period - Stopped by Mike Smith with a rebound.
2:03 of 1st period - Snap shot by Nils Ekman.
2:03 of 1st period - Deflect By Chris Kelly.
2:03 of 1st period - Stopped by Mike Smith with a rebound.
2:05 of 1st period - Wrist shot by Nils Ekman.
2:05 of 1st period - Shot Blocked by Donald Brashear.
2:07 of 1st period - Slapshot by Richard Jackman.
2:07 of 1st period - Shot Blocked by Christian Backman.
2:23 of 1st period - Snap shot by Sean Bergenheim.
2:23 of 1st period - Shot Misses the Net.
3:09 of 1st period - Slapshot by Jarome Iginla.
3:09 of 1st period - Shot Blocked by Stephane Robidas.
3:42 of 1st period - Mark Eaton is hit by Mike Richards and loses puck.
4:01 of 1st period - Slapshot by Todd Bertuzzi.
4:01 of 1st period - Stopped by Mike Smith with a rebound.
4:03 of 1st period - Slapshot by Mark Eaton.
4:03 of 1st period - Stopped by Mike Smith with a rebound.
4:05 of 1st period - Wrist shot by Dan Girardi.
4:05 of 1st period - Stopped by Mike Smith without a rebound.
4:06 of 1st period - Jason Spezza wins face-off versus Paul Gaustad in Red Wings zone.
5:35 of 1st period - Off-side.
5:36 of 1st period - Paul Gaustad wins face-off versus Jan Bulis in neutral zone.
5:41 of 1st period - Wrist shot by Andy McDonald.
5:41 of 1st period - Shot Misses the Net.
5:43 of 1st period - Snap shot by Vitaly Vishnevsky.
5:43 of 1st period - Shot Misses the Net.
5:45 of 1st period - Slapshot by Todd Bertuzzi.
5:45 of 1st period - Shot Misses the Net.
5:47 of 1st period - Snap shot by Todd Bertuzzi.
5:47 of 1st period - Shot Misses the Net.
5:49 of 1st period - Slapshot by Andy McDonald.
5:49 of 1st period - Shot Misses the Net.
5:51 of 1st period - Snap shot by Todd Bertuzzi.
5:51 of 1st period - Deflect By Andy McDonald.
5:51 of 1st period - Stopped by Mike Smith with a rebound.
6:22 of 1st period - Snap shot by Sean Bergenheim.
6:22 of 1st period - Shot Misses the Net.
6:24 of 1st period - Slapshot by Kim Johnsson.
6:24 of 1st period - Shot Blocked by Mark Eaton.
6:26 of 1st period - Slapshot by Maxim Kondratiev.
6:26 of 1st period - Stopped by Jonas Hiller with a rebound.
7:02 of 1st period - Slapshot by Kim Johnsson.
7:02 of 1st period - Deflect By Alexei Morozov.
7:02 of 1st period - Stopped by Jonas Hiller without a rebound.
7:03 of 1st period - Vernon Fiddler wins face-off versus Jan Bulis in Whalers zone.
7:18 of 1st period - Snap shot by Ville Nieminen.
7:18 of 1st period - Shot Misses the Net.
7:30 of 1st period - Paul Gaustad is hit by Simon Gagné and loses puck.
7:46 of 1st period - Minor Penalty to Sean Bergenheim for Roughing.
7:46 of 1st period - Minor Penalty to Chris Kelly for Holding.
7:47 of 1st period - Jason Spezza wins face-off versus Todd Bertuzzi in neutral zone.
8:02 of 1st period - Slapshot by Todd Bertuzzi.
8:02 of 1st period - Shot Blocked by Shea Weber.
9:35 of 1st period - Icing by Shea Weber.
9:36 of 1st period - Vernon Fiddler wins face-off versus Donald Brashear in Red Wings zone.
9:39 of 1st period - Wrist shot by Sami Kapanen.
9:39 of 1st period - Shot Misses the Net.
9:41 of 1st period - Slapshot by Vitaly Vishnevsky.
9:41 of 1st period - Stopped by Mike Smith with a rebound.
9:43 of 1st period - Snap shot by Vernon Fiddler.
9:43 of 1st period - Stopped by Mike Smith with a rebound.
9:45 of 1st period - Slapshot by Mark Eaton.
9:45 of 1st period - Stopped by Mike Smith without a rebound.
9:46 of 1st period - Penalty to Sean Bergenheim is over, Sean Bergenheim is back on ice.
9:46 of 1st period - Penalty to Chris Kelly is over, Chris Kelly is back on ice.
9:46 of 1st period - Jan Bulis wins face-off versus Michael Rupp in Red Wings zone.
10:13 of 1st period - Dan Girardi is hit by Jarome Iginla and loses puck.
10:38 of 1st period - Wrist shot by Chris Kelly.
10:38 of 1st period - Stopped by Mike Smith without a rebound.
10:39 of 1st period - Chris Kelly wins face-off versus Jan Bulis in Red Wings zone.
10:40 of 1st period - Slapshot by Stephane Robidas.
10:40 of 1st period - Shot Misses the Net.
10:42 of 1st period - Slapshot by Stephane Robidas.
10:42 of 1st period - Shot Blocked by Kim Johnsson.
10:44 of 1st period - Wrist shot by Nils Ekman.
10:44 of 1st period - Goal by Nils Ekman - Whalers : 1 - Red Wings : 0.
10:45 of 1st period - Paul Gaustad wins face-off versus Jason Spezza in neutral zone.
10:50 of 1st period - Wrist shot by Todd Bertuzzi.
10:50 of 1st period - Shot Misses the Net.
11:36 of 1st period - Off-side.
11:37 of 1st period - Jan Bulis wins face-off versus Chris Kelly in neutral zone.
12:34 of 1st period - Icing by Kim Johnsson.
12:35 of 1st period - Mike Richards wins face-off versus Chris Kelly in Red Wings zone.
12:35 of 1st period - Mike Richards is hit by Ray Whitney.
12:49 of 1st period - Slapshot by Lubos Bartecko.
12:49 of 1st period - Stopped by Jonas Hiller without a rebound.
12:50 of 1st period - Paul Gaustad wins face-off versus Jason Spezza in Whalers zone.
13:36 of 1st period - Slapshot by Lubos Bartecko.
13:36 of 1st period - Shot Blocked by Mark Eaton.
13:40 of 1st period - Slapshot by Sean Bergenheim.
13:40 of 1st period - Stopped by Jonas Hiller with a rebound.
13:42 of 1st period - Snap shot by Paul Martin.
13:42 of 1st period - Stopped by Jonas Hiller with a rebound.
13:44 of 1st period - Wrist shot by Sean Bergenheim.
13:44 of 1st period - Stopped by Jonas Hiller without a rebound.
13:45 of 1st period - Jason Spezza wins face-off versus Paul Gaustad in Whalers zone.
13:48 of 1st period - Snap shot by Jarome Iginla.
13:48 of 1st period - Stopped by Jonas Hiller without a rebound.
13:49 of 1st period - Jason Spezza wins face-off versus Paul Gaustad in Whalers zone.
14:02 of 1st period - Snap shot by Jarome Iginla.
14:02 of 1st period - Deflect By Dan Girardi.
14:02 of 1st period - Stopped by Jonas Hiller with a rebound.
14:37 of 1st period - Major / Game Misconduct Penalty to Jan Bulis for Unsportsmanlike conduct.
14:37 of 1st period - Jan Bulis is ejected from game.
14:37 of 1st period - Minor Penalty to Todd Bertuzzi for High sticking.
14:38 of 1st period - Chris Kelly wins face-off versus Donald Brashear in Whalers zone.
15:25 of 1st period - Kim Johnsson is hit by Andy McDonald and loses puck.
15:30 of 1st period - Snap shot by Michael Rupp.
15:30 of 1st period - Shot Misses the Net.
15:43 of 1st period - Off-side.
15:44 of 1st period - Jason Spezza wins face-off versus Chris Kelly in neutral zone.
16:09 of 1st period - Simon Gagné is hit by Sami Kapanen and loses puck.
16:16 of 1st period - Snap shot by Nils Ekman.
16:16 of 1st period - Shot Blocked by Shea Weber.
16:37 of 1st period - Penalty to Todd Bertuzzi is over, Todd Bertuzzi is back on ice.
16:48 of 1st period - Maxim Kondratiev is hit by Dan Girardi and loses puck.
17:35 of 1st period - Dan Girardi is hit by Christian Laflamme and loses puck.
19:37 of 1st period - Penalty to Jan Bulis is over, Alexei Morozov is send on ice.
2nd period
0:01 of 2nd period - Jason Spezza wins face-off versus Andy McDonald in neutral zone.
0:10 of 2nd period - Paul Gaustad is hit by Jason Spezza and loses puck.
0:50 of 2nd period - Snap shot by Mike Richards.
0:50 of 2nd period - Shot Misses the Net.
0:52 of 2nd period - Snap shot by Maxim Kondratiev.
0:52 of 2nd period - Shot Misses the Net.
0:54 of 2nd period - Backhand shot by Kim Johnsson.
0:54 of 2nd period - Stopped by Jonas Hiller with a rebound.
0:56 of 2nd period - Wrist shot by Mike Richards.
0:56 of 2nd period - Shot Blocked by Ray Whitney.
0:58 of 2nd period - Slapshot by Kim Johnsson.
0:58 of 2nd period - Shot Blocked by Vitaly Vishnevsky.
1:00 of 2nd period - Slapshot by Kim Johnsson.
1:00 of 2nd period - Shot Blocked by Stephane Robidas.
1:16 of 2nd period - Icing by Michael Rupp.
1:17 of 2nd period - Michael Rupp wins face-off versus Peter Schaefer in Whalers zone.
1:52 of 2nd period - Snap shot by Jarome Iginla.
1:52 of 2nd period - Stopped by Jonas Hiller with a rebound.
1:54 of 2nd period - Slapshot by Simon Gagné.
1:54 of 2nd period - Goal by Simon Gagné - Whalers : 1 - Red Wings : 1.
1:55 of 2nd period - Paul Gaustad wins face-off versus Jason Spezza in neutral zone.
2:17 of 2nd period - Icing by Andy McDonald.
2:18 of 2nd period - Paul Gaustad wins face-off versus Donald Brashear in Whalers zone.
2:25 of 2nd period - Snap shot by Chris Kelly.
2:25 of 2nd period - Shot Misses the Net.
2:27 of 2nd period - Wrist shot by Nils Ekman.
2:27 of 2nd period - Deflect By Chris Kelly.
2:27 of 2nd period - Stopped by Mike Smith with a rebound.
2:29 of 2nd period - Slapshot by Stephane Robidas.
2:29 of 2nd period - Stopped by Mike Smith without a rebound.
2:30 of 2nd period - Jason Spezza wins face-off versus Paul Gaustad in Red Wings zone.
2:45 of 2nd period - Wrist shot by Paul Gaustad.
2:45 of 2nd period - Stopped by Mike Smith with a rebound.
3:22 of 2nd period - Paul Martin is hit by Sami Kapanen and loses puck.
4:23 of 2nd period - Off-side.
4:24 of 2nd period - Donald Brashear wins face-off versus Chris Kelly in neutral zone.
4:29 of 2nd period - Snap shot by Brian Sutherby.
4:29 of 2nd period - Shot Misses the Net.
4:49 of 2nd period - Maxim Kondratiev is hit by Paul Gaustad and loses puck.
5:56 of 2nd period - Snap shot by Chris Kelly.
5:56 of 2nd period - Stopped by Mike Smith without a rebound.
5:57 of 2nd period - Donald Brashear wins face-off versus Paul Gaustad in Red Wings zone.
6:34 of 2nd period - Dan Girardi is hit by Sean Bergenheim and loses puck.
6:53 of 2nd period - Christian Laflamme is hit by Sami Kapanen and loses puck.
6:58 of 2nd period - Wrist shot by Sami Kapanen.
6:58 of 2nd period - Stopped by Mike Smith without a rebound.
6:59 of 2nd period - Peter Schaefer wins face-off versus Paul Gaustad in Red Wings zone.
6:59 of 2nd period - Peter Schaefer is hit by Vitaly Vishnevsky.
7:05 of 2nd period - Snap shot by Paul Gaustad.
7:05 of 2nd period - Stopped by Mike Smith with a rebound.
7:27 of 2nd period - Snap shot by Ray Whitney.
7:27 of 2nd period - Stopped by Mike Smith without a rebound.
7:28 of 2nd period - Chris Kelly wins face-off versus Jason Spezza in Red Wings zone.
7:29 of 2nd period - Wrist shot by Nils Ekman.
7:29 of 2nd period - Stopped by Mike Smith with a rebound.
7:31 of 2nd period - Slapshot by Mark Eaton.
7:31 of 2nd period - Stopped by Mike Smith with a rebound.
7:35 of 2nd period - Wrist shot by Nils Ekman.
7:35 of 2nd period - Stopped by Mike Smith with a rebound.
7:37 of 2nd period - Slapshot by Mark Eaton.
7:37 of 2nd period - Shot Misses the Net.
7:38 of 2nd period - Minor Penalty to Chris Kelly for Slashing.
7:39 of 2nd period - Jason Spezza wins face-off versus Todd Bertuzzi in Whalers zone.
7:49 of 2nd period - Icing by Jason Spezza.
7:50 of 2nd period - Jason Spezza wins face-off versus Todd Bertuzzi in Red Wings zone.
9:03 of 2nd period - Snap shot by Sean Bergenheim.
9:03 of 2nd period - Stopped by Jonas Hiller without a rebound.
9:04 of 2nd period - Brian Sutherby wins face-off versus Michael Rupp in Whalers zone.
9:16 of 2nd period - Slapshot by Maxim Kondratiev.
9:16 of 2nd period - Shot Misses the Net.
9:18 of 2nd period - Snap shot by Maxim Kondratiev.
9:18 of 2nd period - Shot Blocked by Vitaly Vishnevsky.
9:20 of 2nd period - Wrist shot by Sean Bergenheim.
9:20 of 2nd period - Deflect By Alexei Morozov.
9:20 of 2nd period - Goal by Alexei Morozov - Whalers : 1 - Red Wings : 2.
9:21 of 2nd period - Peter Schaefer wins face-off versus Paul Gaustad in neutral zone.
9:24 of 2nd period - Snap shot by Alexei Morozov.
9:24 of 2nd period - Deflect By Peter Schaefer.
9:24 of 2nd period - Shot Misses the Net.
9:24 of 2nd period - Puck is out of play.
9:25 of 2nd period - Paul Gaustad wins face-off versus Peter Schaefer in Whalers zone.
9:34 of 2nd period - Wrist shot by Alexei Morozov.
9:34 of 2nd period - Shot Blocked by Vitaly Vishnevsky.
9:36 of 2nd period - Snap shot by Donald Brashear.
9:36 of 2nd period - Shot Misses the Net.
9:38 of 2nd period - Wrist shot by Peter Schaefer.
9:38 of 2nd period - Stopped by Jonas Hiller with a rebound.
9:40 of 2nd period - Slapshot by Paul Martin.
9:40 of 2nd period - Stopped by Jonas Hiller without a rebound.
9:41 of 2nd period - Jason Spezza wins face-off versus Chris Kelly in Whalers zone.
10:34 of 2nd period - Minor Penalty to Christian Backman for Slashing.
10:35 of 2nd period - Michael Rupp wins face-off versus Jason Spezza in Red Wings zone.
10:40 of 2nd period - Snap shot by Todd Bertuzzi.
10:40 of 2nd period - Stopped by Mike Smith without a rebound.
10:41 of 2nd period - Jason Spezza wins face-off versus Michael Rupp in Red Wings zone.
12:34 of 2nd period - Penalty to Christian Backman is over, Christian Backman is back on ice.
12:42 of 2nd period - Christian Backman is hit by Dan Girardi and loses puck.
13:35 of 2nd period - Backhand shot by Ville Nieminen.
13:35 of 2nd period - Shot Blocked by Jason Spezza.
13:45 of 2nd period - Snap shot by Vernon Fiddler.
13:45 of 2nd period - Deflect By Ville Nieminen.
13:45 of 2nd period - Shot Blocked by Maxim Kondratiev.
13:45 of 2nd period - Puck is out of play.
13:46 of 2nd period - Peter Schaefer wins face-off versus Paul Gaustad in Red Wings zone.
13:46 of 2nd period - Peter Schaefer is hit by Todd Bertuzzi.
14:10 of 2nd period - Ray Whitney is hit by Lubos Bartecko and loses puck.
14:17 of 2nd period - Slapshot by Stephane Robidas.
14:17 of 2nd period - Stopped by Mike Smith with a rebound.
14:19 of 2nd period - Wrist shot by Ray Whitney.
14:19 of 2nd period - Shot Misses the Net.
14:31 of 2nd period - Slapshot by Shea Weber.
14:31 of 2nd period - Shot Misses the Net.
16:43 of 2nd period - Alexei Morozov is hit by Dan Girardi.
17:03 of 2nd period - Simon Gagné is hit by Stephane Robidas and loses puck.
17:43 of 2nd period - Wrist shot by Chris Kelly.
17:43 of 2nd period - Shot Misses the Net.
17:45 of 2nd period - Slapshot by Jaroslav Spacek.
17:45 of 2nd period - Stopped by Mike Smith with a rebound.
17:47 of 2nd period - Snap shot by Nils Ekman.
17:47 of 2nd period - Shot Blocked by Paul Martin.
17:49 of 2nd period - Slapshot by Chris Kelly.
17:49 of 2nd period - Stopped by Mike Smith with a rebound.
18:25 of 2nd period - Mike Richards is hit by Mark Eaton and loses puck.
19:06 of 2nd period - Minor Penalty to Sami Kapanen for Hooking.
19:07 of 2nd period - Todd Bertuzzi wins face-off versus Brian Sutherby in Whalers zone.
19:33 of 2nd period - Nils Ekman is hit by Simon Gagné and loses puck.
3rd period
0:01 of 3rd period - Todd Bertuzzi wins face-off versus Brian Sutherby in neutral zone.
0:06 of 3rd period - Snap shot by Stephane Robidas.
0:06 of 3rd period - Shot Misses the Net.
0:12 of 3rd period - Vitaly Vishnevsky is hit by Brian Sutherby and loses puck.
1:06 of 3rd period - Penalty to Sami Kapanen is over, Sami Kapanen is back on ice.
1:40 of 3rd period - Off-side.
1:41 of 3rd period - Brian Sutherby wins face-off versus Paul Gaustad in neutral zone.
1:41 of 3rd period - Brian Sutherby is hit by Vitaly Vishnevsky.
1:54 of 3rd period - Minor Penalty to Paul Gaustad for Hooking.
1:55 of 3rd period - Brian Sutherby wins face-off versus Todd Bertuzzi in Whalers zone.
2:22 of 3rd period - Stephane Robidas is hit by Jason Spezza and loses puck.
3:54 of 3rd period - Penalty to Paul Gaustad is over, Paul Gaustad is back on ice.
4:03 of 3rd period - Slapshot by Ville Nieminen.
4:03 of 3rd period - Stopped by Mike Smith with a rebound.
4:23 of 3rd period - Slapshot by Michael Rupp.
4:23 of 3rd period - Shot Misses the Net.
4:25 of 3rd period - Slapshot by Sami Kapanen.
4:25 of 3rd period - Stopped by Mike Smith without a rebound.
4:26 of 3rd period - Alexei Morozov wins face-off versus Michael Rupp in Red Wings zone.
4:26 of 3rd period - Alexei Morozov is hit by Michael Rupp.
4:29 of 3rd period - Icing by Christian Laflamme.
4:30 of 3rd period - Chris Kelly wins face-off versus Peter Schaefer in Red Wings zone.
4:32 of 3rd period - Minor Penalty to Richard Jackman for Roughing.
4:33 of 3rd period - Brian Sutherby wins face-off versus Nils Ekman in Whalers zone.
5:10 of 3rd period - Wrist shot by Andy McDonald.
5:10 of 3rd period - Deflect By Michael Rupp.
5:10 of 3rd period - Shot Blocked by Kim Johnsson.
5:10 of 3rd period - Puck is out of play.
5:11 of 3rd period - Brian Sutherby wins face-off versus Todd Bertuzzi in Red Wings zone.
5:18 of 3rd period - Snap shot by Alexei Morozov.
5:18 of 3rd period - Goal by Alexei Morozov - Whalers : 1 - Red Wings : 3.
5:19 of 3rd period - Jason Spezza wins face-off versus Paul Gaustad in neutral zone.
5:49 of 3rd period - Snap shot by Andy McDonald.
5:49 of 3rd period - Stopped by Mike Smith with a rebound.
6:09 of 3rd period - Wrist shot by Donald Brashear.
6:09 of 3rd period - Stopped by Jonas Hiller with a rebound.
6:11 of 3rd period - Slapshot by Kim Johnsson.
6:11 of 3rd period - Deflect By Donald Brashear.
6:11 of 3rd period - Shot Misses the Net.
6:11 of 3rd period - Puck is out of play.
6:12 of 3rd period - Peter Schaefer wins face-off versus Chris Kelly in Whalers zone.
6:37 of 3rd period - Jason Spezza is hit by Niklas Hagman.
8:04 of 3rd period - Niklas Hagman is hit by Mike Richards and loses puck.
8:19 of 3rd period - Snap shot by Ville Nieminen.
8:19 of 3rd period - Stopped by Mike Smith without a rebound.
8:20 of 3rd period - Vernon Fiddler wins face-off versus Brian Sutherby in Red Wings zone.
8:35 of 3rd period - Snap shot by Richard Park.
8:35 of 3rd period - Stopped by Mike Smith with a rebound.
8:47 of 3rd period - Andy McDonald is hit by Simon Gagné and loses puck.
9:06 of 3rd period - Slapshot by Jarome Iginla.
9:06 of 3rd period - Shot Misses the Net.
9:26 of 3rd period - Peter Schaefer is hit by Sami Kapanen and loses puck.
10:06 of 3rd period - Snap shot by Todd Bertuzzi.
10:06 of 3rd period - Stopped by Mike Smith with a rebound.
10:08 of 3rd period - Slapshot by Richard Jackman.
10:08 of 3rd period - Goal by Richard Jackman - Whalers : 2 - Red Wings : 3.
10:09 of 3rd period - Jason Spezza wins face-off versus Paul Gaustad in neutral zone.
10:16 of 3rd period - Wrist shot by Jason Spezza.
10:16 of 3rd period - Stopped by Jonas Hiller with a rebound.
10:18 of 3rd period - Snap shot by Jason Spezza.
10:18 of 3rd period - Stopped by Jonas Hiller with a rebound.
10:20 of 3rd period - Wrist shot by Jason Spezza.
10:20 of 3rd period - Stopped by Jonas Hiller without a rebound.
10:21 of 3rd period - Jason Spezza wins face-off versus Paul Gaustad in Whalers zone.
10:51 of 3rd period - Snap shot by Paul Martin.
10:51 of 3rd period - Stopped by Jonas Hiller without a rebound.
10:52 of 3rd period - Jason Spezza wins face-off versus Chris Kelly in Whalers zone.
10:53 of 3rd period - Wrist shot by Jarome Iginla.
10:53 of 3rd period - Stopped by Jonas Hiller with a rebound.
11:19 of 3rd period - Alexei Morozov is hit by Dan Girardi and loses puck.
11:26 of 3rd period - Mark Eaton is hit by Peter Schaefer and loses puck.
11:31 of 3rd period - Snap shot by Alexei Morozov.
11:31 of 3rd period - Stopped by Jonas Hiller with a rebound.
11:51 of 3rd period - Wrist shot by Mike Richards.
11:51 of 3rd period - Stopped by Jonas Hiller with a rebound.
13:01 of 3rd period - Snap shot by Jarome Iginla.
13:01 of 3rd period - Stopped by Jonas Hiller with a rebound.
13:03 of 3rd period - Snap shot by Jason Spezza.
13:03 of 3rd period - Shot Misses the Net.
13:05 of 3rd period - Slapshot by Christian Laflamme.
13:05 of 3rd period - Shot Blocked by Paul Gaustad.
13:07 of 3rd period - Slapshot by Christian Backman.
13:07 of 3rd period - Stopped by Jonas Hiller with a rebound.
13:51 of 3rd period - Simon Gagné is hit by Niklas Hagman and loses puck.
14:29 of 3rd period - Brian Sutherby is hit by Chris Kelly and loses puck.
14:46 of 3rd period - Jarome Iginla is hit by Sami Kapanen.
15:28 of 3rd period - Todd Bertuzzi is hit by Kim Johnsson and loses puck.
15:57 of 3rd period - Nils Ekman is hit by Maxim Kondratiev and loses puck.
16:52 of 3rd period - Vitaly Vishnevsky is hit by Paul Martin and loses puck.
17:05 of 3rd period - Simon Gagné is hit by Richard Jackman and loses puck.
18:34 of 3rd period - Minor Penalty to Nils Ekman for Interference.
18:35 of 3rd period - Todd Bertuzzi wins face-off versus Jason Spezza in Whalers zone.
19:00 of 3rd period - Slapshot by Sean Bergenheim.
19:00 of 3rd period - Shot Misses the Net.
19:02 of 3rd period - Slapshot by Brian Sutherby.
19:02 of 3rd period - Stopped by Jonas Hiller with a rebound.
Output by the SimonT Hockey Simulator (STHS) for François Prévost -- Original Page W3C XHTML 1.0 Valid